 Dungeon Crawl Stone Soup version 0.29.0-4-gdea44cf6ec (webtiles) character file.

Game seed: 201331212576002573

3564 qw the Cleaver (level 9, -4/80 (81) HPs)
             Began as a Minotaur Fighter on Sept 8, 2022.
             Killed by divine providence
             ... invoked by an orc priest
              (9 damage)
             ... on level 8 of the Dungeon.
             The game lasted 00:02:48 (8302 turns).

qw the Cleaver (Minotaur Fighter)                   Turns: 8302, Time: 00:02:48

HP:   -4/80 (81)    AC: 12    Str: 26    XL:     9   Next: 84%
MP:   7/7           EV: 13    Int: 10    God:
Gold: 412           SH:  4    Dex: 11    Spells: 8/8 levels left

rFire   . . .      SeeInvis .   Y - +1 war axe
rCold   . . .      Faith    .   c - +0 buckler
rNeg    . . .      Spirit   .   o - +0 chain mail
rPois   .          Reflect  .   (helmet restricted)
rElec   .          Harm     .   (no cloak)
rCorr   +          Rampage  .   l - +1 pair of gloves
Will    .....                   (no boots)
Stlth   ..........              (no amulet)
HPRegen 0.23/turn               e - +4 ring of evasion
MPRegen 0.10/turn               m - ring "Uwyrchi" {rCorr Int+5}

@: about to teleport, lightly drained
A: horns 2, retaliatory headbutt, thin skeletal structure 1, low MP 1, noise
suppression
a: no special abilities


You were on level 8 of the Dungeon.
You visited 1 branch of the dungeon, and saw 8 of its levels.
You also visited: Ossuary.

You collected 412 gold pieces.


Innate Abilities, Weirdness & Mutations

You have a pair of horns on your head.
You reflexively headbutt those who attack you in melee.
You have a somewhat thin skeletal structure. (Dex +2, Stealth+)
Your magical capacity is low. (-10% MP)
You passively dampen the noise of your surroundings.


   Skills:
 - Level 8.0 Fighting
 - Level 13.0 Axes
 - Level 4.2 Throwing
 - Level 5.5 Armour
 - Level 3.2 Dodging
 + Level 4.3 Shields


You had 8 spell levels left.
You didn't know any spells.
Your spell library was empty.

Inventory:

Hand Weapons
 b - a +0 morningstar
 Y - a +1 war axe (weapon)
Missiles
 p - 3 boomerangs
 t - 5 javelins (quivered)
Armour
 c - a +0 buckler (worn)
 l - a +1 pair of gloves (worn)
 o - a +0 chain mail (worn)
Jewellery
 e - a +4 ring of evasion (left hand)
 m - the ring "Uwyrchi" (right hand) {rCorr Int+5}
   (You found it on level 4 of the Dungeon)

   [ring of resist corrosion]

   Int:       It affects your intelligence (+5).
   rCorr:     It protects you from acid and corrosion.
Scrolls
 j - 3 scrolls of teleportation
 u - a scroll of identify
Potions
 a - 4 potions of haste
 d - a potion of might
 f - 7 potions of heal wounds
 g - 3 potions of mutation
 h - a potion of curing
 i - a potion of cancellation
 r - a potion of berserk rage {unknown}
 s - a potion of attraction {unknown}

Dungeon Overview and Level Annotations

Branches:
Dungeon (8/15)             Temple (0/1) D:7         Ossuary (visited)
   Lair: D:8-11

Altars:
Okawaru

Shops:
D:1 (

Annotations:
D:7 3 runed translucent doors, qw's ghost, novice MiBe


Message History

The orc priest calls down the wrath of Beogh upon you.
Pain shoots through your body!
Your life force feels restored.
Your Fighting skill increases to level 8!
You closely miss the water moccasin.
Your headbutt misses the water moccasin.
The water moccasin is moderately wounded.
You slash the orc priest! You hit the orc.
The water moccasin completely misses you.
The orc priest calls upon Beogh to heal the orc.
The orc's wounds heal themselves!
The orc priest hits you but does no damage.
You feel drained. The orc closely misses you.
You completely miss the orc priest.
The orc priest is almost dead.
You slash the orc!
You kill the orc!
You miss the water moccasin.
The water moccasin bites you but does no damage.
The orc priest invokes the aid of Beogh against you.
Beogh smites you!
The water moccasin bites you but does no damage.
You hit the orc priest but do no damage.
You headbutt the orc priest, but do no damage.
The orc priest is almost dead.
You hit the orc priest. You slash the water moccasin!
You block the water moccasin's attack. The orc priest completely misses you.
The orc priest invokes the aid of Beogh against you.
Beogh smites you!
8302 ||| READING 4 scrolls of teleportation.
As you read the scroll of teleportation, it crumbles to dust.
You feel strangely unstable. The water moccasin barely misses you.
You furiously retaliate!
You headbutt the water moccasin!
You kill the water moccasin!
The orc priest invokes the aid of Beogh against you.
You struggle to resist.
The gnoll hits you but does no damage.
The orc priest mumbles some strange prayers to Beogh against you.
Beogh smites you!
You die...

..................
...............?...#
...................#
....$..............#
...................#
......).............
......[<..g.........
..........!.oo......
............@%......
.............%....7.
....................
....................
.................P..
...............P....
...........>......P
................


You could see 2 orc priests and a gnoll.

Vanquished Creatures
  A two-headed ogre (D:7)
  Joseph (D:7)
  Grinder (D:5)
  2 wraiths (Ossuary)
  A wyvern (D:8)
  Menkaure (D:5)
  4 water moccasins
  An ice beast (D:6)
  2 ogres (D:7)
  Blork the orc (D:5)
  A kobold brigand (D:7)
  A bullfrog (D:7)
  A gnoll sergeant (D:7)
  4 scorpions
  3 wights (Ossuary)
  2 orc priests (D:7)
  A human zombie (D:7)
  2 jellies (D:5)
  A hound (D:5)
  A gnoll bouda (D:3)
  An iguana (D:7)
  4 orc wizards
  7 adders
  12 gnolls
  2 shadow imps (D:6)
  2 white imps
  2 adder zombies (Ossuary)
  A worm zombie (D:7)
  2 worms
  A dart slug (D:4)
  21 orcs
  5 ball pythons
  4 bats
  4 endoplasms
  8 goblins
  5 hobgoblins
  2 quokkas
  A ball python skeleton (Ossuary)
  3 frilled lizards
  A hobgoblin skeleton (Ossuary)
  16 kobolds
  2 kobold zombies (Ossuary)
  An orc skeleton (Ossuary)
  An orc zombie (Ossuary)
  4 rats
  A rat zombie (D:7)
145 creatures vanquished.

Vanquished Creatures (others)
  An orc wizard (D:6)
  2 plants (D:6)
3 creatures vanquished.

Grand Total: 148 creatures vanquished

Notes
Turn   | Place    | Note
-------+----------+-------------------------------------------
     0 | D:1      | qw the Minotaur Fighter began the quest for the Orb.
     0 | D:1      | Reached XP level 1. HP: 19/19 MP: 0/0
     0 | D:1      | 0 ||| qw: Version: 0.1-a-112-g44dc6cd
     0 | D:1      | 0 ||| qw: Game counter: 6713
     0 | D:1      | 0 ||| qw: Always use a shield: true
     0 | D:1      | 0 ||| qw: God list: Ru
     0 | D:1      | 0 ||| qw: Allow faded altars: false
     0 | D:1      | 0 ||| qw: Do Orc after D:15 true
     0 | D:1      | 0 ||| qw: Do second Lair branch before Depths: true
     0 | D:1      | 0 ||| qw: Lair rune preference: random
     0 | D:1      | 0 ||| qw: Plans: Normal
     0 | D:1      | 0 ||| PLANNING D:1-11
    42 | D:1      | Found Fiubui's Weapon Shop.
    47 | D:1      | 47 ||| SHOPLISTING +0 club (12 gold, have 0).
    47 | D:1      | 47 ||| SHOPLISTING +0 mace (36 gold, have 0).
    47 | D:1      | 47 ||| SHOPLISTING +0 whip (30 gold, have 0).
   218 | D:1      | Reached skill level 3 in Axes
   218 | D:1      | Reached XP level 2. HP: 18/26 MP: 1/1
   424 | D:1      | You fall into a shaft and drop 1 floor!
   491 | D:2      | Reached skill level 4 in Axes
   509 | D:2      | HP: 6/26 [kobold/+0 whip (2)]
   513 | D:2      | Reached XP level 3. HP: 8/31 MP: 2/2
   551 | D:2      | HP: 7/31 [adder (1)]
   819 | D:2      | 819 ||| DROPPING +0 club.
   901 | D:2      | 901 ||| UPGRADING to +4 ring of evasion.
   902 | D:2      | 902 ||| READING scroll labelled JABYDGHO ASUYPS.
   903 | D:2      | 903 ||| DRINKING 4 silvery potions.
   904 | D:2      | 904 ||| Stepping randomly (stuck).
   905 | D:2      | 905 ||| Stepping ~*~*~tactically~*~*~ (cloud).
   912 | D:2      | HP: 7/31 [poisoned by you (poison gas)]
  1560 | D:1      | Found a faded altar of an unknown god.
  1654 | D:1      | 1654 ||| READING scroll labelled YSULYU QEUB.
  1963 | D:2      | Reached skill level 5 in Axes
  2166 | D:2      | 2166 ||| DROPPING ring of magical power.
  2167 | D:2      | 2167 ||| DRINKING 3 golden potions.
  2168 | D:2      | 2168 ||| DRINKING 2 blue potions.
  2169 | D:2      | 2169 ||| DROPPING potion of degeneration.
  2363 | D:3      | 2363 ||| Stepping ~*~*~tactically~*~*~ (stealth).
  2364 | D:3      | 2364 ||| Stepping ~*~*~tactically~*~*~ (stealth).
  2366 | D:3      | 2366 ||| Stepping ~*~*~tactically~*~*~ (hiding).
  2377 | D:3      | Reached XP level 4. HP: 33/39 MP: 3/3
  2377 | D:3      | 2377 ||| Stepping ~*~*~tactically~*~*~ (hiding).
  2378 | D:3      | 2378 ||| FLEEEEING.
  2379 | D:3      | 2379 ||| FLEEEEING.
  2380 | D:3      | 2380 ||| FLEEEEING.
  2381 | D:3      | 2381 ||| FLEEEEING.
  2382 | D:3      | 2382 ||| FLEEEEING.
  2383 | D:3      | 2383 ||| FLEEEEING.
  2385 | D:3      | 2385 ||| FLEEEEING.
  2387 | D:3      | 2387 ||| FLEEEEING.
  2388 | D:3      | 2388 ||| FLEEEEING.
  2389 | D:3      | 2389 ||| FLEEEEING.
  2390 | D:3      | 2390 ||| FLEEEEING.
  2392 | D:3      | 2392 ||| FLEEEEING.
  2394 | D:3      | 2394 ||| FLEEEEING.
  2395 | D:3      | 2395 ||| FLEEEEING.
  2396 | D:3      | 2396 ||| FLEEEEING.
  2397 | D:3      | 2397 ||| FLEEEEING.
  2398 | D:3      | 2398 ||| FLEEEEING.
  2399 | D:3      | 2399 ||| FLEEEEING.
  2400 | D:3      | 2400 ||| FLEEEEING.
  2401 | D:3      | 2401 ||| FLEEEEING.
  2402 | D:3      | 2402 ||| FLEEEEING.
  2403 | D:3      | 2403 ||| FLEEEEING.
  2412 | D:3      | 2412 ||| Stepping ~*~*~tactically~*~*~ (hiding).
  2602 | D:3      | 2602 ||| Stepping ~*~*~tactically~*~*~ (hiding).
  2666 | D:3      | Reached skill level 6 in Axes
  2827 | D:3      | Reached XP level 5. HP: 27/45 MP: 4/4
  2877 | D:3      | 2877 ||| FLEEEEING.
  2880 | D:3      | 2880 ||| FLEEEEING.
  2881 | D:3      | 2881 ||| FLEEEEING.
  2882 | D:3      | 2882 ||| FLEEEEING.
  2883 | D:3      | 2883 ||| FLEEEEING.
  2888 | D:3      | 2888 ||| FLEEEEING.
  2898 | D:3      | 2898 ||| FLEEEEING.
  2899 | D:3      | 2899 ||| FLEEEEING.
  2903 | D:3      | 2903 ||| FLEEEEING.
  2904 | D:3      | 2904 ||| FLEEEEING.
  2905 | D:3      | 2905 ||| FLEEEEING.
  2906 | D:3      | 2906 ||| FLEEEEING.
  2907 | D:3      | 2907 ||| FLEEEEING.
  2908 | D:3      | 2908 ||| FLEEEEING.
  2909 | D:3      | 2909 ||| FLEEEEING.
  2910 | D:3      | 2910 ||| FLEEEEING.
  2911 | D:3      | 2911 ||| FLEEEEING.
  2912 | D:3      | 2912 ||| FLEEEEING.
  2913 | D:3      | 2913 ||| FLEEEEING.
  2989 | D:3      | 2989 ||| DROPPING +0 whip.
  3119 | D:3      | 3119 ||| Stepping ~*~*~tactically~*~*~ (stealth).
  3122 | D:3      | 3122 ||| Stepping ~*~*~tactically~*~*~ (stealth).
  3374 | D:3      | 3374 ||| READING scroll labelled GUPIFUIKEO.
  3375 | D:3      | 3375 ||| READING scroll labelled PIYRAEGODI.
  3376 | D:3      | 3376 ||| DRINKING 2 black potions.
  3377 | D:3      | 3377 ||| DROPPING potion of flight.
  3419 | D:4      | 3419 ||| STAIRDANCE
  3518 | D:4      | 3518 ||| Stepping ~*~*~tactically~*~*~ (stealth).
  3519 | D:4      | 3519 ||| Stepping ~*~*~tactically~*~*~ (stealth).
  3538 | D:4      | Identified the ring "Uwyrchi" {rCorr Int+5}
  3547 | D:4      | Reached skill level 7 in Axes
  3547 | D:4      | Reached XP level 6. HP: 40/51 MP: 5/5
  3751 | D:4      | 3751 ||| Stepping ~*~*~tactically~*~*~ (stealth).
  3755 | D:4      | 3755 ||| Stepping ~*~*~tactically~*~*~ (stealth).
  3757 | D:4      | 3757 ||| Stepping ~*~*~tactically~*~*~ (stealth).
  3759 | D:4      | 3759 ||| Stepping ~*~*~tactically~*~*~ (stealth).
  3982 | D:4      | 3982 ||| Stepping ~*~*~tactically~*~*~ (hiding).
  4173 | D:4      | 4173 ||| UPGRADING to +0 chain mail.
  4183 | D:4      | 4183 ||| DROPPING +0 scale mail.
  4184 | D:4      | 4184 ||| UPGRADING to ring "Uwyrchi" {rCorr Int+5}.
  4185 | D:4      | 4185 ||| READING scroll labelled HEOPOSSU VOSS.
  4190 | D:4      | 4190 ||| READING scroll labelled ANASUUPNAMP.
  4335 | D:4      | 4335 ||| READING scroll labelled HOITRU BYONT.
  4347 | D:5      | Entered Level 5 of the Dungeon
  4399 | D:5      | Noticed Blork the orc
  4400 | D:5      | 4400 ||| Stepping ~*~*~tactically~*~*~ (hiding).
  4411 | D:5      | Killed Blork the orc
  4412 | D:5      | Reached skill level 8 in Axes
  4518 | D:5      | 4518 ||| DROPPING +0 flail.
  4546 | D:5      | Noticed a water moccasin
  4554 | D:5      | Killed a water moccasin
  4555 | D:5      | Reached XP level 7. HP: 59/59 MP: 6/6
  4563 | D:5      | 4563 ||| Stepping ~*~*~tactically~*~*~ (hiding).
  4571 | D:5      | Reached skill level 9 in Axes
  4705 | D:5      | Noticed Grinder
  4710 | D:5      | Killed Grinder
  4711 | D:5      | Reached skill level 6 in Fighting
  4983 | D:5      | 4983 ||| Stepping ~*~*~tactically~*~*~ (hiding).
  5101 | D:5      | Noticed Menkaure
  5106 | D:5      | Killed Menkaure
  5107 | D:5      | Reached XP level 8. HP: 44/70 MP: 7/7
  5431 | D:5      | Reached skill level 10 in Axes
  5484 | D:5      | 5484 ||| READING scroll labelled VOENNOIVVA.
  5485 | D:5      | 5485 ||| DRINKING 2 bubbling pink potions.
  5485 | D:5      | Gained mutation: Your magical capacity is low. (-10% MP)
                  | [potion of mutation]
  5485 | D:5      | Gained mutation: You have a somewhat thin skeletal
                  | structure. (Dex +2, Stealth+) [potion of mutation]
  5485 | D:5      | Gained mutation: You passively dampen the noise of your
                  | surroundings. [potion of mutation]
  5486 | D:5      | 5486 ||| DRINKING 2 bubbling clear potions.
  5577 | D:6      | 5577 ||| Stepping ~*~*~tactically~*~*~ (stealth).
  5608 | D:6      | 5608 ||| Stepping ~*~*~tactically~*~*~ (hiding).
  5707 | D:6      | 5707 ||| Stepping ~*~*~tactically~*~*~ (stealth).
  5710 | D:6      | 5710 ||| Stepping ~*~*~tactically~*~*~ (stealth).
  5711 | D:6      | 5711 ||| Stepping ~*~*~tactically~*~*~ (stealth).
  5804 | D:6      | Reached skill level 11 in Axes
  6004 | D:6      | Identified the +1 leather armour of Amischant {Str+5 Dex+2}
  6143 | D:6      | Identified the +5 short sword of Kumuz {vorpal, Fly rPois
                  | Str+4 Int-3}
  6267 | D:6      | 6267 ||| Stepping ~*~*~tactically~*~*~ (stealth).
  6352 | D:6      | 6352 ||| READING 2 scrolls labelled MUCWAN XOENINO.
  6364 | D:7      | 6364 ||| PLANNING OSSUARY
  6389 | D:7      | 6389 ||| Stepping ~*~*~tactically~*~*~ (hiding).
  6392 | D:7      | 6392 ||| Stepping ~*~*~tactically~*~*~ (hiding).
  6398 | D:7      | Found a flagged portal.
  6398 | D:7      | Noticed Joseph
  6413 | D:7      | Killed Joseph
  6672 | D:7      | Noticed a two-headed ogre
  6678 | D:7      | Killed a two-headed ogre
  6679 | D:7      | Reached skill level 12 in Axes
  6679 | D:7      | Reached XP level 9. HP: 50/75 MP: 7/7
  6860 | D:7      | Found a sand-covered staircase.
  6885 | Ossuary  | Entered an ossuary
  7451 | Ossuary  | 7451 ||| READING scroll labelled ILOT ANTAOKILY.
  7452 | Ossuary  | 7452 ||| DRINKING 2 bubbling inky potions.
  7453 | Ossuary  | 7453 ||| DRINKING 2 grey potions.
  7482 | Ossuary  | 7482 ||| DRINKING 3 bubbling white potions.
  7483 | Ossuary  | 7483 ||| READING 3 scrolls of identify.
  7483 | Ossuary  | 7483 ||| IDENTIFYING smoky orange potion
  7484 | Ossuary  | 7484 ||| READING 2 scrolls of identify.
  7484 | Ossuary  | 7484 ||| IDENTIFYING ruby potion
  7485 | Ossuary  | 7485 ||| DROPPING potion of magic.
  7486 | Ossuary  | 7486 ||| DROPPING potion of invisibility.
  7487 | Ossuary  | 7487 ||| DROPPING potion of lignification.
  7488 | Ossuary  | 7488 ||| DROPPING 2 potions of brilliance.
  7537 | D:7      | 7537 ||| PLANNING D:1-11
  7563 | D:7      | Found an iron altar of Okawaru.
  7569 | D:7      | Reached skill level 13 in Axes
  7634 | D:7      | 7634 ||| Stepping ~*~*~tactically~*~*~ (stealth).
  7635 | D:7      | 7635 ||| Stepping ~*~*~tactically~*~*~ (stealth).
  7637 | D:7      | 7637 ||| Stepping ~*~*~tactically~*~*~ (stealth).
  7639 | D:7      | 7639 ||| Stepping ~*~*~tactically~*~*~ (stealth).
  7641 | D:7      | 7641 ||| Stepping ~*~*~tactically~*~*~ (hiding).
  7645 | D:7      | Reached skill level 3 in Dodging
  7654 | D:7      | 7654 ||| Stepping ~*~*~tactically~*~*~ (stealth).
  7658 | D:7      | 7658 ||| Stepping ~*~*~tactically~*~*~ (stealth).
  7662 | D:7      | 7662 ||| Stepping ~*~*~tactically~*~*~ (hiding).
  7691 | D:7      | Found a runed translucent gate.
  7691 | D:7      | Noticed qw's ghost (novice MiBe)
  7692 | D:7      | Found a runed translucent gate.
  7693 | D:7      | Found a runed translucent gate.
  7720 | D:7      | Found a staircase to the Ecumenical Temple.
  8195 | D:7      | 8195 ||| UPGRADING to +0 pair of gloves.
  8200 | D:7      | 8200 ||| READING scroll of enchant armour.
  8200 | D:7      | 8200 ||| ENCHANTING +0 pair of gloves.
  8237 | D:8      | 8237 ||| STAIRDANCE
  8301 | D:8      | HP: 4/80 [orc priest/divine providence (17)]
  8302 | D:8      | 8302 ||| READING 4 scrolls of teleportation.
  8302 | D:8      | Killed from afar by an orc priest

Levels and vault maps discovered:
D:1:      reono_arrival_mine, layout_loops_corners,
          shapermc_ecumenical_altar_petra, serial_shops, nicolae_shop_trees
D:2:      wad_pebble_path, layout_loops_ring
D:3:      layout_basic
D:4:      layout_basic
D:5:      layout_loops_ring, uniq_blork_the_orc, uniq_menkaure, uniq_grinder
D:6:      layout_rooms, serial_bayou, serial_bayou_pond_d, serial_bayou_pond_c,
          serial_bayou_pond_b, serial_bayou_shore_b, grunt_decor_junction,
          minmay_quadrilaterals
D:7:      layout_basic, okawaru_ov_weapons_minmay,
          minmay_temple_entry_glassed_door, enter_bailey_5,
          gammafunk_ghost_nasty_kobolds, enter_ossuary_3, uniq_joseph
D:8:      layout_basic, overflow_temple_1_default, general_overflow_altar,
          minmay_lair_entry_grove, uniq_maggie

Skill      XL: |  1  2  3  4  5  6  7  8  9 |
---------------+----------------------------+-----
Axes           | 3 4 5 6 7 8 9 12 13 | 13.0
Dodging        | 2 3 |  3.2
Fighting       | 4 6 8 |  8.0
Shields        | 4 |  4.3
Throwing       | 4 |  4.2
Armour         | 5 |  5.5

Action                   |  1- 3 |  4- 6 |  7- 9 || total
-------------------------+-------+-------+-------++-------
Melee: War axe           |    63 |   103 |   190 ||   356
       Headbutt          |    10 |    17 |    39 ||    66
Throw: Javelin           |       |       |     8 ||     8
  Use: Potion            |     3 |     1 |     5 ||     9
       Scroll            |     2 |     5 |     7 ||    14
Armor: Scale mail        |    17 |    13 |       ||    30
       Chain mail        |       |     5 |    45 ||    50
Dodge: Dodged            |    33 |    52 |    79 ||   164
Block: Buckler           |    13 |    17 |    24 ||    54

Table legend:
 A = Non-vault XP
 B = Vault XP
 C = Vault XP percentage of total XP
 D = Non-vault monster count
 E = Vault monster count
 F = Vault count percentage of total count
                 A         B        C        D         E       F
            +---------+---------+-------+---------+---------+-------
      Total |    2978 |    2259 |  43.1 |     117 |      29 |  19.9
            +---------+---------+-------+---------+---------+-------
        D:1 |      32 |       0 |   0.0 |      12 |       0 |   0.0
        D:2 |      49 |       0 |   0.0 |      16 |       0 |   0.0
        D:3 |     150 |       0 |   0.0 |      21 |       0 |   0.0
        D:4 |     247 |       0 |   0.0 |      18 |       0 |   0.0
        D:5 |     504 |     540 |  51.7 |      11 |       3 |  21.4
        D:6 |     500 |      13 |   2.5 |      20 |       2 |   9.1
        D:7 |    1476 |     545 |  27.0 |      16 |       8 |  33.3
        D:8 |      20 |     510 |  96.2 |       3 |       3 |  50.0
    Ossuary |       0 |     651 | 100.0 |       0 |      13 | 100.0
            +---------+---------+-------+---------+---------+-------
